 Dungeon Crawl Stone Soup version 0.24.0-1-gfbc8707 (webtiles) character file.

Game seed: 16650907407325079759, levelgen mode: deterministic

87 Copingsaw the Chopper (level 4, 0/28 HPs)
             Began as a Gargoyle Monk on Nov 2, 2019.
             Was a Believer of Cheibriados.
             Slain by an iguana (3 damage)
             ... on level 4 of the Dungeon.
             The game lasted 00:04:55 (2363 turns).

Copingsaw the Chopper (Gargoyle Monk)               Turns: 2363, Time: 00:04:55

Health: 0/28       AC: 11    Str: 21    XL:     4   Next: 51%
Magic:  4/4        EV:  8    Int: 15    God:    Cheibriados [**....]
Gold:   126        SH:  0    Dex: 17    Spells: 3/3 levels left

rFire    . . .     SeeInvis .   a - +0 hand axe
rCold    . . .     Gourm    .   (no shield)
rNeg     + . .     Faith    .   f - +0 chain mail
rPois    ∞         Spirit   .   (no helmet)
rElec    +         Reflect  .   (no cloak)
rCorr    .         Harm     .   (no gloves)
MR       .....                  (no boots)
Stlth    ..........             (no amulet)
HPRegen  0.09/turn              (no ring)
MPRegen  0.09/turn              (no ring)

@: very slow
A: negative energy resistance 1, electricity resistance, unbreathing,
petrification resistance, rot immunity, AC +3
a: Bend Time, Renounce Religion


You were on level 4 of the Dungeon.
You worshipped Cheibriados.
Cheibriados was pleased with you.
You were not hungry.

You visited 1 branch of the dungeon, and saw 3 of its levels.

You collected 126 gold pieces.

Inventory:

Hand Weapons
 a - a +0 hand axe (weapon)
 l - a cursed +0 short sword
Armour
 b - a +0 robe
 f - a +0 chain mail (worn)
Jewellery
 j - an uncursed ring of poison resistance {unknown}
 r - an uncursed amulet of harm {unknown}
Scrolls
 e - a scroll of teleportation {unknown}
 g - a scroll of noise {unknown}
 i - a scroll of enchant weapon {unknown}
 m - 3 scrolls of remove curse {unknown}
 n - a scroll of blinking {unknown}
 o - a scroll of identify {unknown}
 q - a scroll of magic mapping {unknown}
Potions
 d - a potion of heal wounds {unknown}
 h - 2 potions of curing {unknown}
 k - a potion of lignification {unknown}
 p - a potion of mutation {unknown}
Comestibles
 c - 3 rations


   Skills:
 - Level 3.2 Fighting
 * Level 4.4 Axes
 - Level 2.4 Dodging
 - Level 2.9 Stealth


You had 3 spell levels left.
You didn't know any spells.
Your spell library was empty.

Dungeon Overview and Level Annotations

Branches:
Dungeon (2/15)

Altars:
Cheibriados
Hepliaklqana
Zin
The Shining One


Innate Abilities, Weirdness & Mutations

You are resistant to torment.
Your stone body is resilient. (AC +3)
You are immune to poison.
You resist negative energy. (rN+)
You are resistant to electric shocks. (rElec)
You can survive without breathing.
You are immune to petrification.
You are immune to rotting.


Message History

The orc barely misses you.
Found a glowing silver altar of Zin.
The orc barely misses you. The iguana bites you.
There is a stone staircase leading up here.
You closely miss the orc.
The orc is severely wounded.
You closely miss the iguana. The orc hits you but does no damage.
The iguana bites you but does no damage.
You hit the orc.
You kill the orc!
Cheibriados thoroughly appreciates the change of pace.
Your chain mail prevents you from hitting the iguana.
The iguana bites you but does no damage.
You hit the iguana but do no damage. The iguana bites you!
You hit the iguana.
The iguana is moderately wounded.
The iguana bites you!
* * * LOW HITPOINT WARNING * * *
The iguana bites you.
You die...

#############
#......)@...##
#......l.....#
#.......####.#
#...###.# #
#...# #.#
#...# ...
#.... ._..
##.###...##
.##


You could see an iguana.

Vanquished Creatures
  A gnoll (D:1)
  An adder (D:2)
  2 worms (D:2)
  3 dart slugs
  3 leopard geckos (D:2)
  An orc (D:4)
  A ball python (D:1)
  4 bats
  5 goblins
  8 hobgoblins
  8 jackals
  5 frilled lizards
  4 kobolds (D:2)
  5 rats
51 creatures vanquished.

Notes
Turn   | Place    | Note
-------+----------+-------------------------------------------
     0 | D:1      | Copingsaw the Gargoyle Monk began the quest for the Orb.
     0 | D:1      | Reached XP level 1. HP: 14/14 MP: 1/1
   357 | D:1      | Reached XP level 2. HP: 19/19 MP: 2/2
   372 | D:1      | Reached skill level 3 in Axes
   653 | D:1      | Reached XP level 3. HP: 20/23 MP: 3/3
  1291 | D:2      | Found a hazy altar of Hepliaklqana.
  1454 | D:2      | Reached skill level 4 in Axes
  1454 | D:2      | Reached XP level 4. HP: 21/28 MP: 4/4
  1697 | D:2      | Found a snail-covered altar of Cheibriados.
  1711 | D:2      | Became a worshipper of Cheibriados the Contemplative
  1711 | D:2      | Reached * piety under Cheibriados
  1711 | D:2      | Reached ** piety under Cheibriados
  2353 | D:2      | Found a glowing golden altar of the Shining One.
  2353 | D:2      | You fall into a shaft and drop 2 floors!
  2357 | D:4      | Found a glowing silver altar of Zin.
  2363 | D:4      | Slain by an iguana

Levels and vault maps discovered:
D:1:      minmay_arrival_hallway, layout_basic, grunt_decor_cap
D:2:      layout_basic, lemuel_doored_altar, kennysheep_slug_shrine, tso_altar
D:4:      minmay_thick_lines, layout_rooms, nicolae_overflow_crystal_walls,
          nicolae_underground_beach

Skill      XL: |  1  2  3 |
---------------+----------+-----
Axes           | 3 4 |  4.4
Fighting       | |  3.2
Dodging        | |  2.4
Stealth        | |  2.9

Action                   |  1- 3 |  4- 6 || total
-------------------------+-------+-------++-------
Melee: Hand axe          |   131 |    78 ||   209
 Stab: Sleeping          |     3 |       ||     3
  Eat: Chunk             |     1 |     3 ||     4
Armor: Robe              |    11 |       ||    11
       Chain mail        |    68 |    46 ||   114
Dodge: Dodged            |    58 |    48 ||   106
